Unix NetHack Version 5.0.0-0 post-release - last build May 10 2026 23:12:36 (d1fa5d53e341ca933230fdaa984d921c805b60aa,branch:main).

Game began 2026-05-12 13:25:05, ended 2026-05-12 15:19:21.

GdeVolpiano, lawful male human Archeologist

 -----
 |...|
 |...|                ----------                               -------------
 |...|        ###     |........|  ################             |.(.(.?(.(((|
 |.>.|      ----|-####-........|              ---.--------  ###-.(....(*((.|
 -|-|-    ##-....|#   |........|       #######-...........###  |((....((.((|
  # #     # |....[#   |.........#######       |.>........|     |.+.(..]((((|
   ##     # |....|    ----------      #)######-..........|     |.(.((((((((|
   @     ## -+----                            ------------     -------------
   i     #
   #    ##
   #    #
 --.--- #
 |....| #
 |...*| #
 |.*.<.##
 ------

GdeVolpiano the Investigator  St:17 Dx:11 Co:16 In:15 Wi:13 Ch:10  Lawful
Dlvl:2  $:7  HP:0(47) Pw:35(35) AC:3  Xp:7 T:4301  Overtaxed

Latest messages:
 The straw golem hits!
 You hit the straw golem!
 The straw golem hits!
 The straw golem hits again!
 You destroy the straw golem!
 Where do you want to travel to?
 (For instructions type a '?')
 #
 What do you want to sacrifice? [f or ?*]
 Your sacrifice is consumed in a flash of light!
 You glimpse a four-leaf clover at your feet.
 Your movements are now unencumbered.
 You see here a knife.
 You see here an unlocked large box containing 25 items.
 You have extreme difficulty lifting an unlocked large box containing 25 items.  Continue? [ynq] (q)
 You have extreme difficulty lifting O - an unlocked large box containing 25 items.
 You can barely move a handspan with this load!
 Where do you want to travel to?
 (For instructions type a '?')
 The shrieker shrieks.
 What do you want to drop? [$c-eghklnqrtwB-DF-IOQRV or ?*]
 You drop an unlocked large box containing 25 items.
 Your movements are now unencumbered.
 You hit the shrieker.
 You kill the shrieker!
 You have extreme difficulty lifting an unlocked large box containing 25 items.  Continue? [ynq] (q)
 You have extreme difficulty lifting O - an unlocked large box containing 25 items.
 You can barely move a handspan with this load!
 Where do you want to travel to?
 (For instructions type a '?')
 You fall down the stairs.
 Where do you want to travel to?
 (For instructions type a '?')
 The homunculus bites!
 You are put to sleep by the homunculus!
 The homunculus bites!
 The homunculus bites!
 The homunculus bites!
 The homunculus bites!
 The homunculus bites!
 The homunculus bites!
 The homunculus bites!
 You wake up.
 The homunculus bites!
 You are put to sleep by the homunculus!
 The homunculus bites!
 The homunculus bites!
 You die...
 Do you want your possessions identified? [ynq] (y)
 Do you want to see your attributes? [ynq] (y)

Inventory:
 Coins    ('$')
  $ - 7 gold pieces
 Weapons  (')')
  G - a +0 aklys
  D - the +1 Werebane (weapon in right hand)
 Armor    ('[')
  c - an uncursed +0 fedora (being worn)
  r - a blessed +2 pair of speed boots (being worn)
  t - an uncursed +0 cloak of displacement (being worn)
  C - an uncursed +0 ring mail (being worn)
 Comestibles  ('%')
  d - 4 uncursed food rations
 Scrolls  ('?')
  I - an uncursed scroll of magic mapping
 Potions  ('!')
  V - an uncursed potion of extra healing
  n - a blessed potion of hallucination
  Q - an uncursed potion of levitation
  l - 2 uncursed potions of sleeping
 Wands    ('/')
  k - a wand of teleportation (0:3)
 Tools    ('(')
  R - an empty uncursed bag of holding
  O - an uncursed unlocked large box containing 25 items
  h - an uncursed sack containing 3 items
  q - an uncursed magic lamp
  w - an uncursed magic whistle
  e - a corroded +0 pick-axe (alternate weapon; not wielded)
  B - an uncursed skeleton key
  F - an uncursed stethoscope
  H - an uncursed towel
 Gems/Stones  ('*')
  g - an uncursed touchstone

Contents of the sack:
  263 gold pieces
  2 uncursed sapphires
  an uncursed topaz stone

Contents of the large box:
  a +2 bullwhip
  a cursed -2 banded mail
  a cursed +0 leather armor
  an uncursed burnt +0 leather jacket
  a cursed +0 splint mail
  2 uncursed scrolls of enchant weapon
  a cursed scroll of fire
  an uncursed scroll of genocide
  an uncursed scroll of identify
  an uncursed scroll of teleportation
  a cursed -1 ring of gain strength
  an empty uncursed sack
  a bag of tricks (0:9)
  a bag of tricks (0:0)
  a bag of tricks (0:0)
  an uncursed brass lantern
  a can of grease (0:9)
  an uncursed figurine of an ogre lady
  an uncursed oil lamp
  an uncursed oil lamp
  a cursed oil lamp
  a cursed tallow candle
  an uncursed tin whistle
  an uncursed tin whistle
  a tinning kit (0:80)

GdeVolpiano the Archeologist's attributes:

Background:
 You were an Investigator, a level 7 male human Archeologist.
 You were lawful, on a mission for Quetzalcoatl
 who was opposed by Camaxtli (neutral) and Huhetotl (chaotic).
 You were right-handed.
 You were in the Dungeons of Doom, on level 2.
 You entered the dungeon 4301 turns ago.
 You had 787 experience points, 493 more were needed to attain level 8.

Basics:
 You had 0 out of 47 hit points.
 You had all 35 energy points (spell power).
 Your armor class was 3.
 Your wallet contained 7 zorkmids, and
 you had 263 more stashed away in your pack.
 Autopickup was on for '$?!/="+' plus thrown, with exceptions.

Final Characteristics:
 Your strength was 17 (limit:18/100).
 Your dexterity was 11 (limit:18).
 Your constitution was 16 (limit:18).
 Your intelligence was 15 (limit:18).
 Your wisdom was 13 (limit:18).
 Your charisma was 10 (limit:18).

Final Status:
 You weren't hungry.
 You were overtaxed; movement was extremely slowed.
 You were wielding a saber.
 You had basic skill with saber.

Final Attributes:
 You were piously aligned.
 You were telepathic.
 You had automatic searching.
 You were displaced.
 You were stealthy.
 You were warded.
 You were very fast.
 You were lucky.
 You are dead.

Miscellaneous:
 You didn't encounter any bones levels.
 Total elapsed playing time was 1 hour, 3 minutes and 19 seconds.

Major events:
 Turn
    1: GdeVolpiano the lawful male human Archeologist entered the dungeon
  601: entered the Gnomish Mines
  888: attained the rank of Field Worker (level 3)
 2971: attained the rank of Investigator (level 6)
 3137: was bestowed with Werebane by Quetzalcoatl
 3330: reached Mine Town
 4301: killed by a homunculus, while sleeping

You didn't know any spells.

Skills:
 Fighting Skills
   bare handed combat [Unskilled]
   two weapon combat  [Unskilled]
   riding             [Unskilled]
 Weapon Skills
   dagger             [Unskilled]
   knife              [Unskilled]
   pick-axe           [Skilled]
   short sword        [Unskilled]
   saber              [Basic]
   club               [Unskilled]
   quarterstaff       [Unskilled]
   sling              [Unskilled]
   dart               [Unskilled]
   boomerang          [Unskilled]
   whip               [Basic]
   unicorn horn       [Unskilled]
 Spellcasting Skills
   attack spells      [Unskilled]
   healing spells     [Unskilled]
   divination spells  [Unskilled]
   matter spells      [Unskilled]

Voluntary challenges:
 Character rerolling was not enabled.
 You never genocided any monsters.
 You never polymorphed an object.
 You never changed form.
 You used no wishes.
Achievements:
 You entered the Gnomish Mines.
 You entered a shop.
 You attained the rank of Field Worker.
 You attained the rank of Investigator.
 You entered Minetown.
 You entered a temple.

 The Dungeons of Doom: levels 1 to 3
    Level 1:
       An altar to Quetzalcoatl.
    Level 2: <- You were here.
       A tool shop.
       Stairs down to The Gnomish Mines.
       Final resting place for
          you, killed by a homunculus, while sleeping.
    Level 3:
       An altar to Quetzalcoatl.
 The Gnomish Mines: levels 3 to 7
    Level 3:
    Level 4:
    Level 5:
    Level 6:
       Many shops, a temple and an altar to Quetzalcoatl, many fountains.
    Level 7:


Vanquished creatures:
  a small mimic
 an iron piercer
  a shrieker
  7 gnome leaders
  4 gnomish wizards
  2 straw golems
  a little dog
  6 floating eyes
  4 kittens
  a dwarf
  2 homunculi
  2 rothes
  6 orc zombies
  2 wererats
  5 iguanas
  2 acid blobs
  a coyote
  2 large kobolds
  2 hobgoblins
  3 giant rats
  a cave spider
  2 brown molds
  2 yellow molds
  a red mold
 29 gnomes
  2 gnome zombies
  8 geckos
  9 jackals
  a fox
  2 kobolds
  4 goblins
  6 sewer rats
 11 grid bugs
  2 bats
  4 lichens
  2 kobold zombies
  9 newts
150 creatures vanquished.

No species were genocided or became extinct.

Game over:
                       ----------
                      /          \
                     /    REST    \
                    /      IN      \
                   /     PEACE      \
                  /                  \
                  |   GdeVolpiano    |
                  |      270 Au      |
                  |   killed by a    |
                  |    homunculus    |
                  |                  |
                  |                  |
                  |       2026       |
                 *|     *  *  *      | *
        _________)/\\_//(\/(/\)/\//\/|_)_______

Goodbye GdeVolpiano the Archeologist...

You died in The Dungeons of Doom on dungeon level 2 with 3701 points,
and 270 pieces of gold, after 4301 moves.
You were level 7 with a maximum of 47 hit points when you died.

